[Event "11th Mumbai Mayors Cup 2018"]
[Site "Mumbai"]
[Date "2018.06.04"]
[Round "3"]
[White "Kothari, Swapnil"]
[Black "Manik, Mikulas"]
[Result "0-1"]
[ECO "D70"]
[WhiteElo "1834"]
[BlackElo "2399"]
[Annotator "NA RC"]
[PlyCount "78"]
[EventDate "2018.??.??"]
[EventType "swiss"]
[EventCountry "IND"]
[SourceTitle "playchess.com"]
[Source "ChessBase"]
[SourceQuality "1"]
[TimeControl "5400+30"]

1. d4 Nf6 2. c4 g6 3. Nf3 Bg7 4. g3 O-O 5. Bg2 c6 6. Nc3 d5 7. cxd5 cxd5 8. O-O Ne4 9. Be3 {[%emt 0:04:19] D79: Fianchetto Grünfeld: Symmetrical Variation (6 0-0 c6 7 cxd5 cxd5)} (9. Ng5 Nxc3 10. bxc3 h6 11. Nh3 Nc6 12. Nf4 e6 13. e4 dxe4 14. Bxe4 Bd7 15. d5 exd5 16. Bxd5 Ne5 17. Bxb7 {½-½ (28) Aronian,L (2799)-Anand,V (2783) Saint Louis 2017}) 9... Nxc3 10. bxc3 Nc6 11. Qd2 Bg4 $146 ({Predecessor:} 11... Bf5 12. Bh6 Rc8 13. Bxg7 Kxg7 14. Nh4 Be6 15. e4 dxe4 16. Bxe4 Qa5 {0-1 (43) Rodriguez Garcia,J (1928)-Gaya Llodra,J (2216) Calvia 2010}) 12. Rab1 b6 13. Bh6 Bxh6 14. Qxh6 Bxf3 15. Bxf3 e6 16. e4 Qf6 17. Kg2 dxe4 18. Bxe4 Rac8 19. Bxc6 Rxc6 20. Rb3 Rfc8 21. Qe3 Rc4 22. h4 Qf5 23. Rc1 Ra4 24. Qe2 Rxd4 25. cxd4 Rxc1 26. Qb5 $19 (26. Qe5 $17) 26... Qxb5 27. Rxb5 Rc4 28. d5 Rc5 29. Rxc5 bxc5 30. dxe6 fxe6 31. Kf3 Kf7 32. Ke4 Ke7 33. Ke5 h5 34. f3 a5 35. a4 Kf7 36. Kf4 Ke8 37. Ke4 Kd7 38. Ke5 Ke7 39. g4 g5 0-1

[Event "11th Mumbai Mayors Cup 2018"]
[Site "Mumbai"]
[Date "2018.06.04"]
[Round "3"]
[White "Kanishk S K"]
[Black "Barath Kalyan M"]
[Result "0-1"]
[ECO "A40"]
[WhiteElo "1784"]
[BlackElo "2079"]
[Annotator "NA RC"]
[PlyCount "86"]
[EventDate "2018.??.??"]
[EventType "swiss"]
[EventCountry "IND"]
[SourceTitle "playchess.com"]
[Source "ChessBase"]
[SourceQuality "1"]
[TimeControl "5400+30"]

1. d4 Nf6 2. c4 e6 3. g3 Bb4+ 4. Bd2 Qe7 5. Bg2 Nc6 6. Nf3 Bxd2+ 7. Qxd2 Ne4 8. Qc2 Qb4+ 9. Nc3 {[%emt 0:00:12] E11: Bogo-Indian} (9. Kf1 d5 10. e3 O-O 11. Nbd2 Nxd2+ 12. Nxd2 Ne7 13. Rc1 Bd7 14. a3 Qd6 15. Ke2 Rac8 16. b4 e5 17. dxe5 Qxe5 18. cxd5 {½-½ (45) Mchedlishvili,M (2604)-Matsenko,S (2534) Izmir 2016}) 9... Nxc3 10. bxc3 Qxc4 11. O-O {[%emt 0:00:15] LiveBook: 5 Games} d5 12. e3 $146 ({Predecessor:} 12. Rfb1 Ne7 13. e4 O-O 14. e5 Qc6 15. Ng5 Ng6 16. Bf1 Qe8 {0-1 (65) Hoang,V (2263)-Tran,Q (2070) Ho Chi Minh City 2013}) 12... Ne7 13. Ne5 Qa6 14. c4 (14. Rfc1 $11 {remains equal.}) 14... f6 15. Nd3 Qd6 (15... Qxc4 $15 16. Qxc4 dxc4) 16. Rfc1 c6 17. c5 Qc7 18. a4 e5 19. a5 (19. dxe5 $11 {keeps the balance.} fxe5 20. e4) 19... O-O (19... e4 $17 20. Nb4 h5) 20. a6 bxa6 21. Nb4 a5 22. Nd3 exd4 23. exd4 Bf5 24. Qc3 Ng6 25. Ne1 h5 26. Rxa5 h4 27. Rca1 Rfe8 28. Bf1 hxg3 29. hxg3 Re7 30. Ng2 Be4 31. Bd3 f5 32. Ne3 Rf7 33. Qc2 f4 34. Bxe4 dxe4 35. Qxe4 fxe3 $19 36. Qxg6 exf2+ 37. Kf1 Qd7 38. Qh5 Qxd4 39. Qe2 Qd5 40. Qxf2 Qh1+ 41. Ke2 Re8+ 42. Kd3 Qd5+ 43. Qd4 Rf3+ 0-1

[Event "11th Mumbai Mayors Cup 2018"]
[Site "Mumbai"]
[Date "2018.06.06"]
[Round "5"]
[White "Chitlange Sakshi"]
[Black "Manik, Mikulas"]
[Result "0-1"]
[ECO "E68"]
[WhiteElo "2163"]
[BlackElo "2399"]
[Annotator "NA RC"]
[PlyCount "90"]
[EventDate "2018.??.??"]
[EventType "swiss"]
[EventCountry "IND"]
[SourceTitle "playchess.com"]
[Source "ChessBase"]
[SourceQuality "1"]
[TimeControl "5400+30"]

1. d4 Nf6 2. c4 g6 3. Nf3 Bg7 4. g3 O-O 5. Bg2 d6 6. Nc3 Nbd7 7. O-O e5 8. e4 exd4 9. Nxd4 Re8 10. Re1 Ng4 11. h3 {[%emt 0:15:24] E68: King's Indian: Fianchetto: 6...Nbd7 7 0-0 e5 8 e4} Qf6 (11... Nge5 12. b3 Nc5 13. Be3 c6 14. Qc2 Ned3 15. Red1 Nb4 16. Qe2 a5 17. a3 Nba6 18. Qc2 Qe7 19. Rab1 f5 20. b4 axb4 21. axb4 Nxe4 22. Nxe4 fxe4 {½-½ (40) Lenic,L (2624)-Naiditsch,A (2657) Bled 2016}) 12. Nf3 $146 ({Predecessor:} 12. hxg4 Qxd4 13. Qxd4 Bxd4 14. Nd5 Bb6 15. g5 c6 16. Nxb6 axb6 17. b3 Nc5 18. Be3 Bg4 {1-0 (31) Cacho Reigadas,S (2425)-Andreev,E (2330) Rotterdam 1998}) 12... Nge5 13. Nd5 Qd8 14. Nxe5 dxe5 15. Be3 c6 16. Nc3 Qe7 17. Qc2 Nc5 18. Rad1 h5 19. h4 Kh7 20. Na4 Ne6 21. Qc1 Nd4 22. Bxd4 exd4 23. c5 Bg4 24. Rd3 b5 25. cxb6 axb6 26. Nxb6 Rxa2 27. Qxc6 Rxb2 28. Nd5 Qe6 29. Qxe6 fxe6 30. f3 Bxf3 $15 ({Besser ist} 30... exd5 $17 31. fxg4 hxg4) 31. Bxf3 exd5 32. e5 Bxe5 33. Bxd5 Rc8 34. Rf3 Bg7 35. Rd1 Rc3 36. Rdd3 Rc5 37. Bf7 Bh6 38. Rd1 Be3+ 39. Kf1 Rh2 40. Bb3 Rc3 41. Ba4 Ra3 42. Rxd4 Raa2 43. Rd7+ Kh6 44. Ke1 Rh1+ 45. Rf1 Bf2+ 0-1

[Event "11th Mumbai Mayors Cup 2018"]
[Site "Mumbai"]
[Date "2018.06.06"]
[Round "6"]
[White "Manik, Mikulas"]
[Black "Kiran, Manisha Mohanty"]
[Result "1-0"]
[ECO "B51"]
[WhiteElo "2399"]
[BlackElo "2043"]
[Annotator "NA"]
[PlyCount "57"]
[EventDate "2018.??.??"]
[EventType "swiss"]
[EventCountry "IND"]
[SourceTitle "playchess.com"]
[Source "ChessBase"]
[SourceQuality "1"]
[TimeControl "5400+30"]

1. e4 c5 2. Nf3 d6 3. Bb5+ Nd7 4. c3 Ngf6 5. Qe2 a6 6. Ba4 b5 7. Bc2 e5 8. d4 {[%emt 0:00:37] B51: Sicilian: Moscow Variation (3 Bb5+) without 3...Bd7} Be7 9. O-O Qc7 (9... O-O 10. Rd1 Qc7 11. h3 Bb7 12. d5 g6 13. Bg5 Rfe8 14. g4 h5 15. Nh2 Nxd5 16. exd5 Bxg5 17. gxh5 Nf6 18. hxg6 fxg6 19. Bxg6 {0-1 (26) Najer,E (2679)-Lu,S (2627) Doha 2016}) 10. a4 Rb8 11. axb5 axb5 12. Na3 Ba6 $146 ({Predecessor:} 12... Qb6 13. Rd1 {1-0 (107) Markidis,K (2343)-Bikadi,E (2025) Novi Sad 2015}) 13. dxe5 Nxe5 14. Nxe5 dxe5 15. c4 b4 16. Ba4+ Nd7 17. Rd1 Rd8 18. Nc2 Bb7 19. Qg4 Bf6 20. Ne3 h5 21. Qh3 Bxe4 22. Nd5 Bxd5 23. Rxd5 Be7 24. Be3 g5 $18 (24... O-O $142 25. Bxd7 Ra8 26. Rxa8 Rxa8 27. Qxh5 Ra1+ 28. Rd1 g6) 25. Qf5 Rh6 26. Rxd7 Rxd7 27. Bxd7+ Qxd7 28. Ra8+ Bd8 29. Qxd7+ 1-0

[Event "11th Mumbai Mayors Cup 2018"]
[Site "Mumbai"]
[Date "2018.06.06"]
[Round "6"]
[White "Tran, Minh Thang"]
[Black "Nair, Sanjeev"]
[Result "1-0"]
[ECO "A45"]
[WhiteElo "2383"]
[BlackElo "1915"]
[Annotator "ChessBase"]
[PlyCount "77"]
[EventDate "2018.??.??"]
[EventType "swiss"]
[EventCountry "IND"]
[SourceTitle "playchess.com"]
[Source "ChessBase"]
[SourceQuality "1"]
[TimeControl "5400+30"]

1. d4 Nf6 2. Bf4 g6 3. Nc3 Bg7 4. e4 d6 5. Qe2 O-O 6. O-O-O c6 7. Nf3 Qa5 8. Kb1 Na6 9. h3 Re8 10. e5 Nd5 11. Bd2 dxe5 12. dxe5 Be6 13. a3 Rad8 14. Ne4 Qc7 15. Neg5 Nc5 16. Qc4 Qb6 17. Be2 h6 18. Nxe6 Nxe6 19. Rhf1 Qc7 20. Qh4 g5 21. Qg3 Nef4 22. Bc4 Ng6 23. Rfe1 e6 24. h4 f6 25. exf6 Qxg3 26. fxg3 Bxf6 27. hxg5 hxg5 28. Nxg5 Ne5 29. Bb3 Rd7 30. Ne4 Bg7 31. Bg5 Ng4 32. Nc5 Rf7 33. Nxe6 Nf2 34. Nxg7 Rxe1 35. Rxe1 Kxg7 36. Be3 Ng4 37. Bxa7 Rd7 38. Bd4+ Kg6 39. c3 1-0

[Event "11th Mumbai Mayors Cup 2018"]
[Site "Mumbai"]
[Date "2018.06.06"]
[Round "6"]
[White "Tilak, Sharad S"]
[Black "Kulkarni, Vikramaditya"]
[Result "0-1"]
[ECO "D31"]
[WhiteElo "2206"]
[BlackElo "2323"]
[Annotator "NA"]
[PlyCount "68"]
[EventDate "2018.??.??"]
[EventType "swiss"]
[EventCountry "IND"]
[SourceTitle "playchess.com"]
[Source "ChessBase"]
[SourceQuality "1"]
[TimeControl "5400+30"]

1. d4 d5 2. c4 e6 3. Nc3 c6 4. cxd5 exd5 5. Qc2 Bd6 6. Nf3 Ne7 7. Bg5 f6 8. Bh4 Bf5 9. Qb3 Qb6 10. Qxb6 axb6 11. Bg3 Bb4 12. Rc1 b5 13. Nd2 Nd7 14. a3 Bxc3 15. Rxc3 b4 16. Rb3 bxa3 17. bxa3 b5 18. f3 Ra4 19. e3 Nb6 $15 20. Bd6 Kd7 21. Bb4 Nc4 22. Rc3 Nxa3 23. Bxa3 b4 24. Bxb4 Rxb4 25. Rb3 Ra4 26. g4 Ra1+ 27. Ke2 Bc2 28. Rb7+ Kd6 29. g5 Nf5 30. gxf6 gxf6 31. Kf2 Re8 32. Bg2 Rxh1 33. Bxh1 Nxe3 34. Rxh7 Bxh7 0-1

[Event "11th Mumbai Mayors Cup 2018"]
[Site "Mumbai"]
[Date "2018.06.08"]
[Round "8"]
[White "Raahul V S"]
[Black "Rathnakaran, K.."]
[Result "0-1"]
[ECO "E88"]
[WhiteElo "2233"]
[BlackElo "2385"]
[Annotator "ChessBase"]
[PlyCount "98"]
[EventDate "2018.??.??"]
[EventType "swiss"]
[EventCountry "IND"]
[SourceTitle "playchess.com"]
[Source "ChessBase"]
[SourceQuality "1"]
[TimeControl "5400+30"]

1. c4 g6 2. Nc3 Bg7 3. d4 d6 4. e4 Nf6 5. f3 O-O 6. Be3 e5 7. d5 c6 8. Bd3 cxd5 9. cxd5 a6 10. Qd2 b5 11. Nge2 Nbd7 12. b4 Nb6 13. a4 Nc4 14. Bxc4 bxc4 15. Qa2 Qc7 16. b5 Nd7 17. O-O a5 18. Rfc1 Bb7 19. Nd1 Rfc8 20. Nb2 Nb6 21. Rc2 Bxd5 22. exd5 Nxd5 23. Rxc4 Qb7 24. Bd2 Qa7+ 25. Kh1 Ne7 26. Rf1 d5 27. Rxc8+ Rxc8 28. Qb3 Qb6 29. Bg5 Bf6 30. Bxf6 Qxf6 31. Nd1 Qd6 32. Ne3 Kg7 33. Nc3 d4 34. Ne4 Qb6 35. Nc4 Qe6 36. Nxa5 Nd5 37. Nc6 f5 38. Nc5 Qd6 39. Na6 Ne3 40. Re1 Re8 41. f4 exf4 42. Qd3 Ng4 43. Rf1 Re1 44. Kg1 f3 45. g3 f2+ 46. Kg2 Qd5+ 47. Kh3 Rxf1 48. Qxf1 f4 49. b6 Ne3 0-1

[Event "11th Mumbai Mayors Cup 2018"]
[Site "Mumbai"]
[Date "2018.06.08"]
[Round "8"]
[White "Karthikeyan Pandiyan"]
[Black "Manigandan, S S"]
[Result "1/2-1/2"]
[ECO "C18"]
[WhiteElo "1425"]
[BlackElo "2216"]
[Annotator "NA"]
[PlyCount "91"]
[EventDate "2018.??.??"]
[EventType "swiss"]
[EventCountry "IND"]
[SourceTitle "playchess.com"]
[Source "ChessBase"]
[SourceQuality "1"]
[TimeControl "5400+30"]

1. e4 e6 2. d4 d5 3. Nc3 Bb4 4. e5 c5 5. a3 Bxc3+ 6. bxc3 Ne7 7. Qg4 Qc7 8. Bd3 cxd4 9. Ne2 dxc3 10. Qxg7 Rg8 11. Qxh7 Qxe5 {[%emt 0:00:15] C18: French: 3 Nc3 Bb4: Main line: 7 h4 and 7 Qg4} 12. h4 (12. Bf4 Qf6 13. h4 Rxg2 14. Kf1 Rg8 15. Rg1 Rh8 16. Bg5 Rxh7 17. Bxf6 Rh6 18. Bg5 Rh8 19. Bf6 Rh6 20. Bg5 Rh8 21. Bf6 {½-½ (21) Leko,P (2728)-Shirov,A (2713) Saratov 2011}) 12... Nd7 13. Bf4 Qf6 14. Bg5 Qh8 15. Qxh8 Rxh8 16. Nxc3 a6 17. g4 $146 ({Predecessor:} 17. O-O-O f6 18. Be3 b5 19. f4 {½-½ (42) Collins,S (2490)-Pert,N (2562) England 2015}) 17... f6 18. Bd2 Nc5 19. Be2 d4 20. Nd1 Bd7 21. f3 Ba4 22. Rc1 Rc8 23. Nb2 Nd5 24. Nxa4 Nxa4 25. Bd3 Nc5 26. Bc4 Nc3 27. h5 b5 28. Bd3 Nxd3+ 29. cxd3 a5 30. Rc2 e5 31. f4 exf4 32. Rf1 Ke7 33. Rxf4 Rhd8 34. Rf5 Ke6 35. h6 Rd5 36. Rf3 Rd7 37. Rb2 Rd5 38. Rb3 Rdc5 39. Rf4 Rd5 40. Kf1 Kf7 41. g5 Rxg5 42. Rxd4 Rf5+ 43. Rf4 Rxf4+ 44. Bxf4 Nd5 $11 45. Bd2 b4 46. axb4 1/2-1/2

[Event "11th Mumbai Mayors Cup 2018"]
[Site "Mumbai"]
[Date "2018.06.09"]
[Round "9"]
[White "Sammed Jaykumar, Shete"]
[Black "Aaryan Varshney"]
[Result "0-1"]
[ECO "B90"]
[WhiteElo "2375"]
[BlackElo "2209"]
[Annotator "ChessBase"]
[PlyCount "98"]
[EventDate "2018.??.??"]
[EventType "swiss"]
[EventCountry "IND"]
[SourceTitle "playchess.com"]
[Source "ChessBase"]
[SourceQuality "1"]
[TimeControl "5400+30"]

1. e4 c5 2. Nf3 d6 3. d4 cxd4 4. Nxd4 Nf6 5. Nc3 a6 6. h3 e5 7. Nde2 Be7 8. g4 O-O 9. Bg2 Be6 10. O-O Nbd7 11. Nd5 Bxd5 12. exd5 Rc8 13. a4 Ne8 14. Kh1 Bg5 15. f4 exf4 16. Nxf4 h6 17. Be3 Nef6 18. a5 Re8 19. Bd4 Qc7 20. c3 Nc5 21. Kh2 Re7 22. Ne2 Nce4 23. Ng3 Nxg3 24. Kxg3 Ne4+ 25. Kh2 Rce8 26. Rf5 Bf6 27. Bb6 Qc8 28. Bxe4 Rxe4 29. Qd3 Bh4 30. Raf1 Re2+ 31. Kh1 f6 32. b4 R8e7 33. Bg1 Qe8 34. R5f3 R7e4 35. c4 Bg5 36. c5 Rd2 37. Qc3 Rxd5 38. Qb3 Qe6 39. Rf5 Rd2 40. Qg3 Be3 41. Bh2 dxc5 42. Qb8+ Kh7 43. b5 Bd4 44. Qxb7 Ree2 45. Bf4 Rb2 46. b6 Qa2 47. Qc7 Be5 48. Bxe5 Qd5+ 49. R5f3 Qxf3+ 0-1

[Event "11th Mumbai Mayors Cup 2018"]
[Site "Mumbai"]
[Date "2018.06.09"]
[Round "9"]
[White "Siva Mahadevan"]
[Black "Samant Aditya S"]
[Result "0-1"]
[ECO "B67"]
[WhiteElo "2346"]
[BlackElo "2121"]
[Annotator "ChessBase"]
[PlyCount "102"]
[EventDate "2018.??.??"]
[EventType "swiss"]
[EventCountry "IND"]
[SourceTitle "playchess.com"]
[Source "ChessBase"]
[SourceQuality "1"]
[TimeControl "5400+30"]

1. e4 c5 2. Nf3 d6 3. d4 cxd4 4. Nxd4 Nf6 5. Nc3 Nc6 6. Bg5 e6 7. Qd2 a6 8. O-O-O Bd7 9. f3 Be7 10. Be3 O-O 11. g4 Nxd4 12. Qxd4 Bc6 13. g5 Nd7 14. h4 b5 15. Kb1 b4 16. Ne2 d5 17. Bg2 e5 18. Qd2 dxe4 19. fxe4 Qc7 20. Ng3 Nc5 21. h5 Rad8 22. Qf2 Ne6 23. Nf5 Rxd1+ 24. Rxd1 Bxg5 25. Bxg5 Nxg5 26. Qc5 Rd8 27. Rd5 Rd7 28. Rxd7 Qxd7 29. Kc1 Bxe4 30. Ne7+ Kh8 31. Qxe5 Ne6 32. Bh3 Qxe7 33. Bxe6 Bc6 34. Qb8+ Qe8 35. Qxe8+ Bxe8 36. Bc4 a5 37. Kd2 f5 38. Be2 Kg8 39. c4 bxc3+ 40. bxc3 Kf7 41. Ke3 Ke6 42. Kd4 g5 43. hxg6 hxg6 44. c4 Bc6 45. c5 f4 46. Bc4+ Kd7 47. Ke5 f3 48. Kf6 f2 49. Bf1 a4 50. Kxg6 a3 51. Bc4 Bd5 0-1

[Event "11th Mumbai Mayors Cup 2018"]
[Site "Mumbai"]
[Date "2018.06.10"]
[Round "10"]
[White "Nitish Belurkar"]
[Black "Divya, Deshmukh"]
[Result "1-0"]
[ECO "B27"]
[WhiteElo "2309"]
[BlackElo "2138"]
[Annotator "NA RC"]
[PlyCount "55"]
[EventDate "2018.??.??"]
[EventType "swiss"]
[EventCountry "IND"]
[SourceTitle "playchess.com"]
[Source "ChessBase"]
[SourceQuality "1"]
[TimeControl "5400+30"]

1. e4 c5 2. Nf3 g6 3. c3 Bg7 4. d4 cxd4 5. Bc4 d3 6. Qb3 {[%emt 0:00:16] B27: Sicilian: 2 Nf3, unusual Black 2nd moves} e6 7. Bg5 Qc7 $146 ({Predecessor:} 7... Qa5 8. Bxd3 Nc6 9. Nbd2 h6 10. Bh4 Nge7 11. Nc4 Qc5 12. Bg3 O-O 13. Bd6 Qh5 {1-0 (59) Ibarra Jerez,J (2522)-Rodriguez Guerrero,E (2432) Granada 2014}) 8. Bxd3 Nc6 9. Nbd2 Nge7 10. O-O O-O 11. Rfe1 Re8 12. Rad1 b6 13. Nc4 d5 14. Ne3 Bb7 15. Ng4 Na5 16. Qa4 dxe4 17. Bxe4 b5 18. Qxb5 Bxe4 19. Rxe4 Rab8 20. Qa6 Rxb2 {[%emt 0:08:51] [#]} 21. Rxe6 $16 fxe6 22. Qxe6+ Kh8 23. Nfe5 Rf8 24. Bxe7 Rb6 25. Nf7+ Rxf7 26. Qxf7 Qd7 27. Ne3 Qc8 28. Rd8+ 1-0

[Event "11th Mumbai Mayors Cup 2018"]
[Site "Mumbai"]
[Date "2018.06.10"]
[Round "10"]
[White "Rathanvel, V S"]
[Black "Mahindrakar Indrajeet"]
[Result "1-0"]
[ECO "B03"]
[WhiteElo "2301"]
[BlackElo "2100"]
[Annotator "RC"]
[PlyCount "65"]
[EventDate "2018.??.??"]
[EventType "swiss"]
[EventCountry "IND"]
[SourceTitle "playchess.com"]
[Source "ChessBase"]
[SourceQuality "1"]
[TimeControl "5400+30"]

1. e4 Nf6 2. e5 Nd5 3. d4 d6 4. c4 Nb6 5. f4 dxe5 6. fxe5 c5 7. d5 g6 8. Nf3 Bg7 9. Bf4 O-O 10. Nc3 e6 11. h3 f6 12. Qd2 exd5 13. cxd5 fxe5 14. Bg5 Qe8 15. O-O-O c4 16. Re1 Rf5 17. Qe3 Qf8 18. Nd2 e4 19. Ndxe4 Na6 20. d6 h6 21. Be7 Qf7 22. Be2 Nb4 23. g4 Nd3+ 24. Kb1 Nd5 25. Nxd5 Rxd5 26. Ref1 Bf5 27. gxf5 Rb5 28. f6 Nxb2 29. Ka1 Bf8 30. Nc3 Rb6 31. Bg4 Kh7 32. Be6 Qe8 33. d7 1-0